 Dungeon Crawl Stone Soup version 0.24-a0-358-g53aee78b01 (webtiles) character file.

Game seed: 15638792900026025715

4260 Azzok the Cleaver (level 10, -3/70 HPs)
             Began as a Formicid Fighter on May 25, 2019.
             Was a Follower of Okawaru.
             Slain by an orc warrior
             ... wielding a +0 war axe
              (17 damage)
             ... on level 9 of the Dungeon.
             The game lasted 00:11:44 (7518 turns).

Azzok the Cleaver (Formicid Fighter)                Turns: 7518, Time: 00:11:44

Health: -3/70      AC: 14    Str: 25    XL:     10   Next: 56%
Magic:  14/14      EV:  5    Int:  7    God:    Okawaru [*.....]
Gold:   179        SH:  9    Dex: 10    Spells: 9/9 levels left

rFire    . . .     SeeInvis +   a - +0 war axe
rCold    . . .     Gourm    .   c - +0 shield
rNeg     . . .     Faith    .   l - +0 plate armour
rPois    .         Spirit   .   (helmet unavailable)
rElec    .         Reflect  .   (no cloak)
rCorr    .         Harm     .   (no gloves)
MR       +....                  m - +2 pair of boots
Stlth    ..........             j - amulet of the acrobat
HPRegen  0.21/turn              (no ring)
MPRegen  0.14/turn              (no ring)

@: very slightly contaminated
A: permanent stasis, dig shafts and tunnels, four strong arms, antennae 3
a: Dig, Shaft Self, Heroism, Renounce Religion


You were on level 9 of the Dungeon.
You worshipped Okawaru.
Okawaru was aware of your devotion.
You were not hungry.

You visited 2 branches of the dungeon, and saw 11 of its levels.

You collected 443 gold pieces.
You spent 264 gold pieces at shops.

Inventory:

Hand Weapons
 a - a +0 war axe (weapon)
Missiles
 w - a throwing net (quivered)
Armour
 c - a +0 shield (worn)
 l - a +0 plate armour (worn)
 m - a +2 pair of boots (worn)
Jewellery
 j - an amulet of the acrobat (around neck)
Wands
 t - a wand of polymorph (10)
 z - a wand of enslavement (24)
 E - a wand of random effects (18)
Scrolls
 g - 2 scrolls of fear
 h - 4 scrolls of immolation
 i - a scroll of noise {unknown}
 k - 2 scrolls of identify
 q - 7 scrolls of remove curse {unknown}
 s - 2 scrolls of enchant weapon {unknown}
 v - a scroll of blinking {unknown}
 x - 4 scrolls of amnesia {unknown}
 y - a scroll of fog {unknown}
Potions
 b - 3 potions of curing
 e - 5 potions of agility
 n - 3 potions of lignification
 o - 2 potions of flight {unknown}
 p - 2 potions of haste {unknown}
 r - 2 potions of mutation {!q}
 D - a potion of brilliance {unknown}
Comestibles
 f - 16 rations
 u - 5 chunks of flesh


   Skills:
 - Level 3.2 Fighting
 + Level 13.4 Axes
 - Level 3.2 Armour
 - Level 3.6 Shields
 + Level 5.8 Invocations


You had 9 spell levels left.
You didn't know any spells.
Your spell library contained the following spells:

 Spells                   Type           Power        Failure   Level  Hunger
 Infusion                 Chrm           #...         100%        1    ##.....
 Shroud of Golubria       Chrm/Tloc      #.........   100%        2    ###....
 Song of Slaying          Chrm           #.......     100%        2    ###....
 Regeneration             Chrm/Necr      #.........   100%        3    ####...
 Spectral Weapon          Hex/Chrm       #.......     100%        3    ####...


Dungeon Overview and Level Annotations

Branches:
Dungeon (10/15)            Temple (1/1) D:7
   Lair: D:8-11         Orc: D:9-12

Altars:
Ashenzari
Cheibriados
Dithmenos
Elyvilon
Fedhas
Gozag
Hepliaklqana
Kikubaaqudgha
Makhleb
Nemelex Xobeh
Okawaru
Ru
Sif Muna
Trog
Uskayaw
Vehumet
Wu Jian
Xom
Zin

Shops:
D:8 !


Innate Abilities, Weirdness & Mutations

You cannot be hasted, slowed, berserked, paralysed or teleported.
You can dig through walls and to a lower floor.
Your four strong arms can wield two-handed weapons with a shield.
You have a pair of large antennae on your head. (SInv)


Message History

You hit the ice beast but do no damage.
Your plate armour prevents you from hitting the orc wizard.
The orc wizard hits you but does no damage.
The orc throws a silver boomerang.
The silver boomerang hits you but does no damage.
The weapon returns to the orc!
You block the orc warrior's attack. The ice beast barely misses you.
You closely miss the orc warrior.
The orc warrior is almost dead.
You miss the orc wizard.
Your plate armour prevents you from hitting the ice beast.
The orc wizard gestures at you while chanting.
The magic dart hits you but does no damage.
You block the orc wizard's attack.
The ice beast hits you but does no damage.
You hit the orc warrior but do no damage.
The orc warrior is almost dead.
You miss the orc wizard. You hit the ice beast. You closely miss the orc.
The orc warrior hits you with a +0 war axe!
You die...

········▒
··············
·······o····· ·
······· ····▒ ···
······· ·?··▒▒····
······· ▒··········
▒····▒▒o·········
·▒▒···))@o·········
······)Y)o·········
······))†··········
···················
···················
·········▒▒········
·▒·············▒·▒·
··▒▒······▒··▒▒▒
·▒▒·▒·····▒▒▒▒


You could see an orc warrior, an ice beast, an orc wizard and an orc.

Vanquished Creatures
  A two-headed ogre (D:9)
  Sigmund (D:5)
  Eustachio (D:5)
  A human (D:9)
  Menkaure (D:7)
  An orc warrior (D:9)
  An ice beast (D:6)
  3 black bears
  2 ogres
  A phantom (D:7)
  3 centaurs
  A crocodile (D:7)
  A big kobold (D:7)
  5 bullfrogs
  A wyvern skeleton (D:7)
  A scorpion (D:3)
  A howler monkey (D:4)
  2 crimson imps
  2 centaur skeletons
  A bullfrog skeleton (D:4)
  6 hounds
  5 jellies
  6 orc priests
  8 orc wizards
  An iguana (D:6)
  7 worker ants
  Natasha (twice) (D:2)
  A worker ant zombie (D:7)
  Robin (D:2)
  13 adders
  4 gnolls
  2 shadow imps
  An ooze (D:2)
  3 worms
  3 dart slugs
  9 leopard geckos
  36 orcs
  4 bats
  14 giant cockroaches
  13 goblins
  8 hobgoblins
  10 jackals
  4 quokkas
  5 ball pythons
  5 frilled lizards
  13 kobolds
  A leopard gecko skeleton (D:6)
  6 rats
222 creatures vanquished.

Vanquished Creatures (others)
  Natasha (D:2)
  An ooze (D:2)
2 creatures vanquished.

Grand Total: 224 creatures vanquished

Notes
Turn   | Place    | Note
-------+----------+-------------------------------------------
     0 | D:1      | Azzok the Formicid Fighter began the quest for the Orb.
     0 | D:1      | Reached XP level 1. HP: 18/18 MP: 1/1
   184 | D:1      | Reached XP level 2. HP: 24/24 MP: 2/2
   472 | D:2      | Noticed Natasha
   481 | D:2      | Killed Natasha
   481 | D:2      | Reached skill level 3 in Axes
   481 | D:2      | Reached XP level 3. HP: 17/29 MP: 3/3
   654 | D:2      | Found a snail-covered altar of Cheibriados.
   738 | D:2      | Reached skill level 4 in Axes
   738 | D:2      | Reached XP level 4. HP: 35/35 MP: 4/4
   861 | D:2      | Killed Natasha
   945 | D:2      | Noticed Robin
   951 | D:2      | Killed Robin
   998 | D:2      | Noticed Natasha
  1010 | D:2      | Killed Natasha
  1010 | D:2      | Reached skill level 5 in Axes
  1010 | D:2      | Reached XP level 5. HP: 27/41 MP: 5/5
  1162 | D:2      | Found a radiant altar of Vehumet.
  1466 | D:2      | Found a deep blue altar of Sif Muna.
  1831 | D:3      | Reached XP level 6. HP: 47/47 MP: 6/6
  1929 | D:3      | Reached skill level 6 in Axes
  2035 | D:3      | Found a shattered altar of Ashenzari.
  2218 | D:3      | Found an ornate altar of the Wu Jian Council.
  2368 | D:3      | Found a hide-covered altar of Uskayaw.
  2368 | D:3      | Found a sacrificial altar of Ru.
  2579 | D:4      | Reached skill level 7 in Axes
  2579 | D:4      | Reached XP level 7. HP: 51/52 MP: 7/7
  3502 | D:5      | Entered Level 5 of the Dungeon
  3688 | D:5      | Reached skill level 8 in Axes
  3803 | D:5      | Noticed Sigmund
  3825 | D:5      | Killed Sigmund
  3825 | D:5      | Reached XP level 8. HP: 43/58 MP: 8/8
  4000 | D:5      | Reached skill level 9 in Axes
  4043 | D:5      | Found a burning altar of Makhleb.
  4069 | D:5      | Noticed Eustachio
  4117 | D:5      | Killed Eustachio
  4544 | D:6      | Reached skill level 10 in Axes
  4643 | D:6      | Reached XP level 9. HP: 56/64 MP: 9/9
  5392 | D:6      | Reached skill level 11 in Axes
  5993 | D:7      | Noticed Menkaure
  5999 | D:7      | Killed Menkaure
  6257 | D:7      | Reached skill level 12 in Axes
  6377 | D:7      | Found a hazy altar of Hepliaklqana.
  6492 | D:7      | Found a staircase to the Ecumenical Temple.
  6530 | Temple   | Entered the Ecumenical Temple
  6537 | Temple   | Became a worshipper of Warmaster Okawaru
  6592 | D:7      | Found a glowing silver altar of Zin.
  6985 | D:8      | Reached XP level 10. HP: 68/70 MP: 10/10
  7037 | D:8      | Reached skill level 1 in Invocations
  7113 | D:8      | Found Onkes's Distillery.
  7116 | D:8      | Bought a potion of curing for 36 gold pieces
  7116 | D:8      | Bought a potion of lignification for 36 gold pieces
  7116 | D:8      | Bought a potion of ambrosia for 96 gold pieces
  7116 | D:8      | Bought a potion of mutation for 96 gold pieces
  7242 | D:8      | Found a sparkling altar of Nemelex Xobeh.
  7297 | D:8      | You fall into a shaft and drop 2 floors!
  7297 | D:10     | Entered Level 10 of the Dungeon
  7314 | D:9      | Noticed a two-headed ogre
  7325 | D:9      | Killed a two-headed ogre
  7325 | D:9      | Reached * piety under Okawaru
  7325 | D:9      | Reached skill level 13 in Axes
  7473 | D:9      | Reached skill level 5 in Invocations
  7518 | D:9      | Slain by an orc warrior

Levels and vault maps discovered:
D:1:      tarquinn_simple_flora_water_e, layout_rooms, dk_noncrumbling_3
D:2:      layout_basic, kennysheep_slug_shrine, lemuel_crystal_altar,
          fiery_altar_vehumet, st_stairs_5, uniq_robin, uniq_natasha
D:3:      layout_basic, cheibrodos_ashenzari_chains, lemuel_round_altar,
          chequers_temple_overflow_statue_of_worship, first_ration
D:4:      layout_basic
D:5:      layout_rooms, nicolae_overflow_hidden_temple, uniq_eustachio,
          uniq_sigmund
D:6:      layout_basic, minmay_crystal_water
D:7:      layout_basic, zin_statuary, temple_pool_b, minmay_ruined_shrine,
          uniq_menkaure
D:8:      layout_loops_ring, nemelex_xobeh_ov_fountains_minmay,
          lair_entry_dummy, serial_shops, kennysheep_mini_moat, uniq_maurice
D:9:      layout_cross, erik_orc_4
D:10:     layout_loops_corners, hangedman_fish_farm,
          minmay_mirror_moons_of_madness
Temple:   nicolae_temple_x_marks_the_god

Skill      XL: |  1  2  3  4  5  6  7  8  9 10 |
---------------+-------------------------------+-----
Axes           | 3 4 5 7 8 10 12 13 | 13.4
Invocations    | 5 |  5.8
Fighting       | |  3.2
Armour         | |  3.2
Shields        | |  3.6

Action                   |  1- 3 |  4- 6 |  7- 9 | 10-12 || total
-------------------------+-------+-------+-------+-------++-------
Melee: War axe           |    54 |   255 |   404 |    96 ||   809
  Use: Scroll            |       |       |     8 |       ||     8
       Potion            |       |       |       |     4 ||     4
 Stab: Invisible         |       |       |       |    13 ||    13
  Eat: Chunk             |       |     6 |    14 |     2 ||    22
Armor: Scale mail        |    11 |       |       |       ||    11
       Plate armour      |    11 |   136 |   190 |    55 ||   392
Dodge: Dodged            |     9 |    45 |    97 |    39 ||   190
Block: Shield            |    24 |   147 |   198 |    55 ||   424

Table legend:
 A = Non-vault XP
 B = Vault XP
 C = Vault XP percentage of total XP
 D = Non-vault monster count
 E = Vault monster count
 F = Vault count percentage of total count
                 A         B        C        D         E       F
            +---------+---------+-------+---------+---------+-------
      Total |    4662 |    1424 |  23.4 |     189 |      33 |  14.9
            +---------+---------+-------+---------+---------+-------
        D:1 |      16 |       0 |   0.0 |       8 |       0 |   0.0
        D:2 |     167 |      70 |  29.5 |      27 |      13 |  32.5
        D:3 |     232 |       0 |   0.0 |      37 |       0 |   0.0
        D:4 |     284 |       0 |   0.0 |      15 |       0 |   0.0
        D:5 |     417 |     425 |  50.5 |      20 |       2 |   9.1
        D:6 |     861 |       0 |   0.0 |      24 |       0 |   0.0
        D:7 |     921 |     453 |  33.0 |      29 |       5 |  14.7
        D:8 |     292 |       0 |   0.0 |      13 |       0 |   0.0
        D:9 |    1387 |     476 |  25.6 |      15 |      13 |  46.4
       D:10 |      85 |       0 |   0.0 |       1 |       0 |   0.0
            +---------+---------+-------+---------+---------+-------
